 Dungeon Crawl Stone Soup version 0.24.0-5-g267a8d59f4 (webtiles) character file.

Game seed: 13037511534771883252, levelgen mode: deterministic

84 wullow the Sneak (level 4, 0/39 HPs)
             Began as a Naga Wanderer on Nov 2, 2019.
             Slain by a goblin
             ... wielding a +0 club
             ... led by Robin
              (2 damage)
             ... on level 3 of the Dungeon.
             The game lasted 00:05:53 (1786 turns).

wullow the Sneak (Naga Wanderer)                    Turns: 1786, Time: 00:05:54

Health: 0/39       AC:  2    Str: 13    XL:     4   Next: 45%
Magic:  4/4        EV:  9    Int: 15    God:
Gold:   31         SH:  0    Dex: 10    Spells: 3/3 levels left

rFire    . . .     SeeInvis +   f - +0 hand axe
rCold    . . .     Gourm    .   (no shield)
rNeg     . . .     Faith    .   e - +0 robe
rPois    +         Spirit   .   (no helmet)
rElec    .         Reflect  .   (no cloak)
rCorr    .         Harm     .   (no gloves)
MR       .....                  (no barding)
Stlth    +++.......             (no amulet)
HPRegen  0.13/turn              (no ring)
MPRegen  0.09/turn              (no ring)

@: very slow
A: large, see invisible, deformed body, poison resistance, slowness 2, slow
metabolism 1, spit poison 1, AC +1
a: Spit Poison


You were on level 3 of the Dungeon.
You were not hungry.

You visited 1 branch of the dungeon, and saw 3 of its levels.

You collected 31 gold pieces.

Inventory:

Hand Weapons
 a - a +2 shortbow
 f - a +0 hand axe (weapon)
 m - a +0 dagger of pain
Missiles
 h - 175 stones (quivered)
Armour
 e - a +0 robe (worn)
Magical Staves
 n - an uncursed staff of fire {unknown}
Jewellery
 s - an uncursed ring of ice {unknown}
Scrolls
 i - a scroll of immolation {unknown}
 j - a scroll of blinking {unknown}
 k - a scroll of teleportation
 l - a scroll of noise {unknown}
 o - a scroll of magic mapping {unknown}
 q - 2 scrolls of identify
Potions
 c - 2 potions of lignification
 d - a potion of curing
 r - a potion of might {unknown}
Comestibles
 g - 4 rations
 p - 2 chunks of flesh


   Skills:
 + Level 2.1 Fighting
 - Level 2.0 Short Blades
 + Level 0.0 Axes
 + Level 2.5 Bows
 + Level 1.8 Armour
 + Level 5.5 Stealth
   Level 1.0 Shields


You had 3 spell levels left.
You didn't know any spells.
Your spell library was empty.

Dungeon Overview and Level Annotations

Branches:
Dungeon (3/15)

Altars:

Annotations:
D:3 Robin


Innate Abilities, Weirdness & Mutations

You cannot wear boots.
Your serpentine skin is tough. (AC +1)
You have supernaturally acute eyesight. (SInv)
Armour fits poorly on your strangely shaped body.
Your system is resistant to poisons. (rPois)
You cover ground very slowly.
You have a slow metabolism.
You can spit poison.


Message History

The ooze jiggles.
The goblin hits you.
The adder bites you. x2; The goblin barely misses you.
The adder bites you.
* * * LOW HITPOINT WARNING * * *
The adder barely misses you. The goblin hits you but does no damage.
The adder bites you.
* * * LOW HITPOINT WARNING * * *
The adder closely misses you. The goblin hits you but does no damage.
The adder barely misses you. The adder bites you.
* * * LOW HITPOINT WARNING * * *
The goblin completely misses you. The adder bites you.
* * * LOW HITPOINT WARNING * * *
The adder closely misses you.
A goblin comes into view.
The goblin barely misses you. The ooze hits you but does no damage.
The goblin hits you with a +0 club.
You die...

#########.....#######....######.#
..(((................###.........
...###........................###
...# #....................#####
...# #....#...............# .g.#
#.##.................##
...##..##.....#.g........>.#
..............rggS...........#
...#.#####.####J@.........##.#
.....# ..................# .# ..
#.#.#......)......... .
#..#.####............. .. ...
...<..†........ ........##..#.###
........# .....g...#


You could see an ooze, an adder, 4 goblins and a rat.

Vanquished Creatures
  3 adders (D:2)
  An ooze (D:2)
  A worm (D:2)
  2 dart slugs
  3 leopard geckos (D:1)
  An orc (D:3)
  A ball python (D:1)
  2 bats
  2 giant cockroaches
  9 goblins
  2 hobgoblins
  6 kobolds
  2 quokkas
  2 frilled lizards
  5 rats
  A plant (D:2)
43 creatures vanquished.

Notes
Turn   | Place    | Note
-------+----------+-------------------------------------------
     0 | D:1      | wullow the Naga Wanderer began the quest for the Orb.
     0 | D:1      | wullow set off with the following items: a +2 shortbow, 23
                  | arrows, a potion of lignification, a potion of curing, a +0
                  | robe, a +0 dagger, a ration
     0 | D:1      | Reached XP level 1. HP: 18/18 MP: 1/1
   123 | D:1      | Reached XP level 2. HP: 25/25 MP: 2/2
   564 | D:1      | Reached XP level 3. HP: 31/31 MP: 3/3
   702 | D:2      | Reached skill level 5 in Stealth
  1138 | D:2      | Reached XP level 4. HP: 39/39 MP: 4/4
  1752 | D:3      | Noticed Robin
  1784 | D:3      | HP: 1/39 [adder (3)]
  1786 | D:3      | Slain by a goblin

Levels and vault maps discovered:
D:1:      dpeg_arrival_three_same_balls, layout_loops_cross, serial_glass,
          glass_columns_c, glass_columns_b, minmay_misc_feat_five
D:2:      layout_rooms, serial_bayou, serial_bayou_pond_a, serial_bayou_shore_b,
          serial_bayou_pond_d, serial_bayou_shore_b
D:3:      layout_rooms, minitemple, first_ration, uniq_robin

Skill      XL: |  1  2  3 |
---------------+----------+-----
Bows           | 2 |  2.5
Stealth        | 5 |  5.5
Fighting       | 2 |  2.1
Short Blades   | |  2.0
Armour         | |  1.8
Shields        | |  1.0

Action                   |  1- 3 |  4- 6 || total
-------------------------+-------+-------++-------
Melee: Dagger            |   184 |     2 ||   186
       Hand axe          |       |     3 ||     3
 Fire: Shortbow          |    59 |    30 ||    89
Throw: Stone             |       |     8 ||     8
 Abil: Spit Poison       |       |     1 ||     1
  Use: Scroll            |       |     1 ||     1
  Eat: Chunk             |       |     2 ||     2
Armor: Robe              |     3 |     7 ||    10
Dodge: Dodged            |     7 |    12 ||    19
